 Dungeon Crawl Stone Soup version 0.23-b1-49-g13d5857 (webtiles) character file.

Game seed: 1718665791641672927

222 Kairos the Chopper (level 5, 0/28 HPs)
             Began as a Vine Stalker Fighter on Feb 3, 2019.
             Succumbed to a worker ant's poison
             ... on level 4 of the Dungeon.
             The game lasted 00:02:25 (2081 turns).

Kairos the Chopper (Vine Stalker Fighter)           Turns: 2081, Time: 00:02:26

Health: 0/28       AC:  6    Str: 25    XL:     5   Next: 99%
Magic:  4/6        EV:  7    Int:  8    God:
Gold:   153        SH: 10    Dex: 13    Spells: 4/4 levels left

rFire    . . .     SeeInvis .   a - +0 war axe
rCold    . . .     Gourm    .   c - +0 shield
rNeg     . . .     Faith    .   b - +0 scale mail
rPois    .         Spirit   +   (no helmet)
rElec    .         Reflect  .   (no cloak)
rCorr    .         Harm     .   (no gloves)
MR       .....                  (no boots)
Stlth    ..........             (no amulet)
HPRegen  0.49/turn              (no ring)
MPRegen  0.10/turn              (no ring)

@: mighty, lethally poisoned (0 -> -5)
A: fangs 2, regeneration 1, magic shield, antimagic bite, no potion heal 3, rot
immunity
a: no special abilities


You were on level 4 of the Dungeon.
You were very hungry.

You visited 1 branch of the dungeon, and saw 4 of its levels.

You collected 153 gold pieces.

Inventory:

Hand Weapons
 a - a +0 war axe (weapon)
Armour
 b - a +0 scale mail (worn)
 c - a +0 shield (worn)
 q - the +2 robe of Vines {NoPotionHeal Regen+7}
   (You took it off an orc on level 4 of the Dungeon)

   It increases your rate of regeneration.
Scrolls
 i - 2 scrolls of magic mapping
 j - 3 scrolls of remove curse
 k - a scroll of amnesia {unknown}
 m - a scroll of teleportation {unknown}
 p - a scroll of fear {unknown}
Potions
 d - a potion of might
 e - a potion of magic {unknown}
 g - a potion of mutation {unknown}
 h - a potion of haste {unknown}
 l - a potion of heal wounds {unknown}
 n - a potion of resistance {unknown}
 o - a potion of curing {unknown}
Comestibles
 f - 7 rations


   Skills:
 + Level 3.5 Fighting
 + Level 3.8 Axes
 + Level 2.9 Armour
 + Level 0.3 Dodging
 + Level 0.6 Stealth
 + Level 3.4 Shields


You had 4 spell levels left.
You didn't know any spells.
Your spell library was empty.

Dungeon Overview and Level Annotations

Branches:
Dungeon (4/15)
 Temple: D:4-7

Altars:
Sif Muna
Yredelemnul

Annotations:
D:4 1 runed translucent door, HEYYEYAAE's ghost, novice OpHu


Innate Abilities, Weirdness & Mutations

You have extremely sharp teeth.
Your natural rate of healing is unusually fast.
When hurt, damage is shared between your health and your magic reserves.
Your bite disrupts and absorbs the magic of your enemies.
Potions cannot restore your health.
You are immune to rotting.


Message History

The worker ant is heavily wounded.
You feel sick. The worker ant bites you.
* * * LOW HITPOINT WARNING * * *
You are lethally poisoned!
The worker ant poisons you!
You feel very mighty all of a sudden.
* * * LOW HITPOINT WARNING * * *
You feel sick.
The worker ant bites you but does no damage. x2
Your shield prevents you from hitting the worker ant.
The worker ant is heavily wounded.
* * * LOW HITPOINT WARNING * * *
You feel sick. The worker ant barely misses you.
You closely miss the worker ant. Your bite misses the worker ant.
The worker ant is heavily wounded.
* * * LOW HITPOINT WARNING * * *
You feel sick. You block the worker ant's attack. x2
You closely miss the worker ant. Your bite misses the worker ant.
The worker ant is moderately wounded.
You die...

......................[#
........................
##......................
#####.................
.............
........... #.........
#a# ##@# #.># #### ##.##
#...# #..# #....##.##
#...#.# #.## ##.# ###
#..#


You could see a worker ant.

Vanquished Creatures
  An orc priest (D:3)
  7 adders
  2 oozes
  2 adder skeletons (D:4)
  3 worms
  5 leopard geckos
  9 orcs
  9 bats
  5 giant cockroaches
  8 goblins
  8 hobgoblins
  9 jackals
  3 quokkas
  10 kobolds
  10 rats
91 creatures vanquished.

Notes
Turn   | Place    | Note
-------+----------+-------------------------------------------
     0 | D:1      | Kairos the Vine Stalker Fighter began the quest for the
                  | Orb.
     0 | D:1      | Reached XP level 1. HP: 11/11 MP: 2/2
   160 | D:1      | Reached XP level 2. HP: 13/16 MP: 3/3
   524 | D:1      | Reached XP level 3. HP: 20/20 MP: 4/4
   799 | D:2      | Gained mutation: Your natural rate of healing is unusually
                  | fast. [Vine Stalker growth]
   799 | D:2      | Reached XP level 4. HP: 16/24 MP: 1/5
  1021 | D:2      | Found a deep blue altar of Sif Muna.
  1295 | D:3      | Reached XP level 5. HP: 28/28 MP: 6/6
  1481 | D:3      | Found a basalt altar of Yredelemnul.
  2011 | D:4      | Noticed HEYYEYAAE's ghost (novice OpHu)
  2012 | D:4      | Found a runed translucent door.
  2081 | D:4      | Succumbed to a worker ant's poison

Skill      XL: |  1  2  3  4 |
---------------+-------------+-----
Axes           | 2 3 |  3.8
Fighting       | 3 |  3.5
Shields        | 3 |  3.4
Armour         | |  2.9
Dodging        | |  0.3
Stealth        | |  0.6

Action                   |  1- 3 |  4- 6 || total
-------------------------+-------+-------++-------
Melee: War axe           |    81 |   162 ||   243
       Bite              |    18 |    45 ||    63
  Use: Scroll            |     2 |     1 ||     3
       Potion            |       |     1 ||     1
 Stab: Distracted        |       |     1 ||     1
  Eat: Chunk             |       |     3 ||     3
Armor: Scale mail        |    34 |    55 ||    89
Dodge: Dodged            |    23 |    44 ||    67
Block: Shield            |    45 |    85 ||   130
